 Dungeon Crawl Stone Soup version 0.27-a0-404-g4390dbc5be (webtiles) character file.

Game seed: 8097021124114594983

153 CurlyBrace the Caller (level 5, 19/25 HPs)
             Began as a Felid Summoner on Feb 22, 2021.
             Was a Follower of Cheibriados.
             Quit the game on level 6 of the Dungeon.
             The game lasted 00:21:28 (1920 turns).

CurlyBrace the Caller (Felid Summoner)              Turns: 1920, Time: 00:21:28

Health: 19/25      AC:  2    Str:  8    XL:     5   Next: 12%
Magic:  9/9        EV: 18    Int: 24    God:    Cheibriados [*.....]
Gold:   80         SH:  0    Dex: 19    Spells: 5/8 levels left
                                        Lives:  0   Deaths: 1

rFire    + . .     SeeInvis +     - Unarmed
rCold    + . .     Faith    .   (shield unavailable)
rNeg     . . .     Spirit   .   (armour unavailable)
rPois    +         Reflect  .   (helmet unavailable)
rElec    +         Harm     .   (cloak unavailable)
rCorr    +         Rampage  .   (gloves unavailable)
Will     .....                  (boots unavailable)
Stlth    +++.......             (no amulet)
HPRegen  0.08/turn              b - +6 ring of intelligence
MPRegen  0.11/turn              o - ring of poison resistance

@: resistant, slow
A: very small, no armour, no weapons or thrown items, stealth, claws 1, fangs 3,
see invisible, speed 1, shaggy fur 2, sharp paws
a: Renounce Religion, Bend Time


You were on level 6 of the Dungeon.
You worshipped Cheibriados.
Cheibriados was aware of your devotion.
You visited 2 branches of the dungeon, and saw 8 of its levels.

You collected 80 gold pieces.

Inventory:

Jewellery
 b - a +6 ring of intelligence (left paw)
   (You found it on level 2 of the Dungeon)
 o - a ring of poison resistance (right paw)
   (You found it on level 4 of the Dungeon)
Scrolls
 g - a scroll of enchant weapon
 r - 2 scrolls of identify
Potions
 c - a potion of attraction


   Skills:
 - Level 4.0 Fighting
 + Level 3.0 Dodging
 + Level 3.0 Stealth
 - Level 4.0 Unarmed Combat
 - Level 2.0 Spellcasting
 - Level 4.0 Summonings


You had 5 spell levels left.
You knew the following spells:

 Your Spells              Type           Power        Failure   Level
a - Summon Small Mammal   Summ           84%          2%          1
b - Call Imp              Summ           21%          3%          2

Your spell library contained the following spells:

 Spells                   Type           Power        Failure   Level
 Call Canine Familiar     Summ           21%          7%          3
 Summon Guardian Golem    Hex/Summ       12%          16%         3
 Summon Ice Beast         Ice/Summ       12%          45%         4
 Summon Lightning Spire   Summ/Air       12%          45%         4


Dungeon Overview and Level Annotations

Branches:
Dungeon (7/15)             Temple (1/1) D:4

Altars:
Ashenzari
Cheibriados
Dithmenos
Fedhas
Gozag
Nemelex Xobeh
Qazlal
Sif Muna
Wu Jian

Annotations:
D:2 exclusion: worm
D:3 exclusions: 2 orcs and orc wizard, Crazy Yiuf, Natasha
D:4 exclusions: downstairs and orc priest, Dowan
D:5 Eustachio


Innate Abilities, Weirdness & Mutations

You cannot wear armour.
You are incapable of wielding weapons or throwing items.
Your paws allow you to move quietly. (Stealth)
You have sharp claws.
You have razor-sharp teeth.
You have supernaturally acute eyesight. (SInv)
You cover ground quickly.
You are covered in thick fur. (AC +2)
Your sharp claws are effective at attacking unaware monsters.


Message History

Unknown command.
You can't go down here!
The orc priest begins to cast a cantrip, but forgets the words!
You climb upwards.
There is a stone staircase leading down here.
Unknown command.
Unknown command.
Found a scale mail.
An adder comes into view.
The adder hisses angrily.
The adder bites you. The adder bites you but does no damage.
You scratch the adder.
The adder is lightly wounded.
The adder bites you but does no damage.
You closely miss the adder.
The adder is lightly wounded.
The adder closely misses you.
You scratch the adder. Your bite misses the adder.
The adder is severely wounded.
The adder completely misses you. The adder bites you.
You closely miss the adder.
The adder is severely wounded.
The adder closely misses you.
Unknown command.
You barely miss the adder. Your bite misses the adder.
The adder is severely wounded.
The adder closely misses you.
Unknown command.
You miss the adder.
The adder is severely wounded.
The adder bites you.
Unknown command.
You scratch the adder.
You kill the adder!
Cheibriados thoroughly appreciates the change of pace.
No target in view!
Unknown command.
You see here an adder corpse.
Unknown command.
Are you sure you want to abandon this character and quit the game? (Confirm with "yes".)

##..## ...#
###.##
#...#
##.####....
# ##.##..#
######
#....#
#....##
##..[#
......##
##...#
.......##
#...†##
...###..#
#..###@#
..##
##.##..#
### ..#
#.##.# ###
#.##. #.##
#.# ###


There were no monsters in sight!

Vanquished Creatures
  Grinder (D:5)
  A hound (D:4)
  2 adders
  An adder skeleton (D:4)
  A dart slug (D:1)
  2 leopard geckos
  2 orcs
  2 bats
  A giant cockroach (D:1)
  2 goblins (D:3)
  A hobgoblin (D:2)
  2 quokkas
  2 frilled lizards (D:1)
  3 kobolds
  3 rats
26 creatures vanquished.

Vanquished Creatures (collateral kills)
  An iguana (D:4)
  2 adders (D:4)
  A worm (D:3)
  A kobold (D:3)
  A leopard gecko skeleton (D:4)
6 creatures vanquished.

Vanquished Creatures (others)
  5 withered plants (D:5)
5 creatures vanquished.

Grand Total: 37 creatures vanquished

Notes
Turn   | Place    | Note
-------+----------+-------------------------------------------
     0 | D:1      | CurlyBrace the Felid Summoner began the quest for the Orb.
     0 | D:1      | Reached XP level 1. HP: 7/7 MP: 4/4
   304 | D:3      | Found a runed translucent door.
   305 | D:3      | Noticed Crazy Yiuf
   491 | D:3      | Found an ornate altar of the Wu Jian Council.
   521 | D:3      | You fall into a shaft and drop 1 floor!
   524 | D:4      | Found a staircase to the Ecumenical Temple.
   533 | Temple   | Entered the Ecumenical Temple
   566 | Temple   | Became a worshipper of Cheibriados the Contemplative
   612 | D:4      | Reached XP level 2. HP: 5/12 MP: 6/6
   615 | D:4      | Learned a level 2 spell: Call Imp
   624 | D:5      | Entered Level 5 of the Dungeon
   658 | D:4      | Reached skill level 1 in Fighting
   658 | D:4      | Reached skill level 1 in Unarmed Combat
   666 | D:4      | Noticed Dowan
   696 | D:4      | Found a blossoming altar of Fedhas.
   752 | D:4      | Reached XP level 3. HP: 15/15 MP: 0/7
   771 | D:3      | Noticed Natasha
  1272 | D:2      | Reached * piety under Cheibriados
  1430 | D:2      | Found a stormy altar of Qazlal.
  1621 | D:4      | Reached XP level 4. HP: 7/20 MP: 4/8
  1703 | D:5      | Noticed Grinder
  1709 | D:5      | Paralysed by Grinder for 2 turns
  1719 | D:5      | Paralysed by Grinder for 4 turns
  1725 | D:5      | Paralysed by Grinder for 7 turns
  1735 | D:5      | Killed Grinder
  1736 | D:5      | Reached XP level 5. HP: 25/25 MP: 9/9
  1736 | D:5      | Gained mutation: You are covered in thick fur. (AC +2)
                  | [Felid growth]
  1736 | D:5      | Reached XP level 6. HP: 28/28 MP: 10/10
  1776 | D:5      | Noticed Eustachio
  1788 | D:5      | HP: 1/28 [white imp/puff of frost[Eustachio] (6)]
  1798 | D:5      | Slain by a white imp
  1799 | D:5      | Reached XP level 5. HP: 0/25 MP: 6/9
  1920 | D:6      | Quit the game

Illustrated notes

Levels and vault maps discovered:
D:1:      wheals_arrival_shading, layout_loops_corners
D:2:      lemuel_upstairs_altar, layout_loops_cross, minmay_fractal_squares_5,
          uniq_terence
D:3:      layout_loops_corners, lemuel_doored_altar, uniq_natasha,
          uniq_crazy_yiuf_cottage
D:4:      minmay_wonky_spiral, layout_loops_ring,
          chequers_temple_overflow_minitemple, nicolae_overflow_crystal_walls,
          lemuel_crystal_altar, minmay_temple_entry_glass, uniq_duvessa
D:5:      layout_cave_pods, kiku_gazebo_garden_becter, uniq_eustachio,
          uniq_grinder
D:6:      layout_layer_cave
D:7:      layout_rooms, good_gods_temple_1, eat_drink_and_be_merry_uskayaw,
          gammafunk_ghost_grave
Temple:   jpeg_temple_island

Skill      XL: |  1  2  3  4 |
---------------+-------------+-----
Stealth        | 3 |  3.0
Fighting       | 1 2 4 |  4.0
Dodging        | 3 |  3.0
Unarmed Combat | 1 2 4 |  4.0
Spellcasting   | |  2.0
Summonings     | |  4.0

Action                   |  1- 3 |  4- 6 || total
-------------------------+-------+-------++-------
Melee: Unarmed           |    95 |    25 ||   120
       Bite              |     5 |     1 ||     6
 Cast: Summon Small Mamm |    30 |     4 ||    34
       Call Imp          |     3 |     1 ||     4
  Use: Potion            |     6 |     2 ||     8
       Scroll            |     7 |     3 ||    10
 Stab: Sleeping          |     5 |     1 ||     6
       Distracted        |     2 |       ||     2
Armor: Skin              |     5 |    14 ||    19
Dodge: Dodged            |    76 |    16 ||    92

Table legend: (Time is in decaauts)
 A = Elapsed time spent in this place.
 B = Non-inter-level travel time spent in this place.
 C = Inter-level travel time spent in this place.
 D = Time resting spent in this place.
 E = Time spent auto-exploring this place.
 F = Levels seen in this place.
 G = Mean time per level.
                   A        B        C        D        E       F      G
               +--------+--------+--------+--------+--------+-----+--------+
         Total |   1966 |   1765 |    201 |      7 |      0 |   8 |  245.8 |
       Dungeon |   1902 |   1737 |    165 |      7 |      0 |   7 |  271.7 |
        Temple |     64 |     29 |     35 |      0 |      0 |   1 |   64.0 |
               +--------+--------+--------+--------+--------+-----+--------+

Top non-repeatable levels by time:
     D:3: 607 daAuts
     D:1: 398 daAuts
     D:4: 320 daAuts
     D:2: 307 daAuts
     D:5: 170 daAuts
     D:6: 93 daAuts
  Temple: 64 daAuts
     D:7: 5 daAuts
